AoeStats
← Juancho

Highland

506754064Analyzed
3v3 RM · 18d ago on Sep 15, 2026· 56m 26s· 6 players
Game mode
Random Map
Map size
Normal (6 player)
Population
200
Speed
Normal
Resources
Standard
Victory
Conquest
Starting age
Dark Age
Ending age
Imperial Age
RankedLock teamsTeams togetherTeam positionsShared explorationLock speedFull tech treeHidden civsTurbo modeCheats
Victory
Defeat
🇨🇱 Vikings · Chile
922
+14
🇨🇴 Japanese · Colombia
919
+14
🇲🇽 Bulgarians · Mexico
889
+30
🇨🇱 Koreans · Chile
895
-14
🇨🇱 Goths · Chile
880
-15
🇨🇱 Japanese · Chile
862
-14
gepetoxd95
7:09 Loom
10:36 Feudal Age
13:31 Town Watch
14:54 Wheelbarrow
15:42 Double-Bit Axe
21:02 Castle Age
22:10 Horse Collar
22:42 Bow Saw
24:02 Heavy Plow
25:25 Hand Cart
28:31 Scale Mail Armor
28:41 Forging
28:37 Scale Barding Armor
28:53 Pikeman
29:22 Gambesons
29:37 Squires
29:23 Arson
30:17 Iron Casting
29:58 Chain Mail Armor
33:03 Gold Mining
33:07 Stone Mining
40:16 Imperial Age
38:48 Stone Shaft Mining
38:53 Gold Shaft Mining
40:28 Bloodlines
40:18 Husbandry
40:19 Capped Ram
42:13 Blast Furnace
41:44 Plate Mail Armor
41:34 Chain Barding Armor
41:39 Conscription
42:19 Crop Rotation
41:57 Siege Ram
42:44 Bagains
43:29 Stirrups
44:16 Caravan
44:36 Fletching
44:56 Siege Ram
46:37 Plate Barding Armor
45:59 Bodkin Arrow
46:18 Masonry
46:04 Murder Holes
50:49 Cavalier
50:51 Light Cavalry
52:05 Halberdier
55:14 Bracer
55:46 Architecture
55:38 Ballistics
56:19 Chemistry
Juancho
8:29 Loom
10:42 Feudal Age
12:38 Double-Bit Axe
20:30 Castle Age
18:39 Horse Collar
22:37 Bow Saw
23:04 Stone Mining
24:06 Heavy Plow
24:01 Gold Mining
27:34 Forging
27:16 Fletching
28:34 Bodkin Arrow
31:19 Thumb Ring
32:42 Masonry
33:04 Ballistics
36:49 Imperial Age
34:33 Treadmill Crane
36:29 Wheelbarrow
35:29 Elite Skirmisher
36:14 Scale Mail Armor
36:45 Demolition Ship
37:06 Fishing Lines
37:01 Capped Ram
38:02 Town Watch
37:54 Pikeman
38:34 Squires
38:20 Gambesons
37:57 Man-at-Arms
41:43 Halberdier
41:43 Long Swordsman
43:57 Kataparuto
44:50 Two-Man Saw
45:22 Caravan
45:14 Elite Samurai
45:57 Padded Archer Armor
46:09 Forging
46:14 Chain Mail Armor
45:26 Two-Handed Swordsman
48:02 Iron Casting
47:58 Plate Mail Armor
49:50 Blast Furnace
49:45 Parthian Tactics
49:57 Scale Barding Armor
49:58 Bracer
50:33 Champion
51:55 Guard Tower
53:06 Chemistry
53:39 Keep
53:40 Heavy Scorpion
teo
0:48 Loom
11:00 Feudal Age
16:32 Castle Age
15:38 Stone Mining
16:43 Double-Bit Axe
16:42 Horse Collar
24:00 Scale Mail Armor
24:12 Forging
24:01 Gold Mining
25:27 Town Watch
25:54 Bow Saw
26:33 Treadmill Crane
31:11 Imperial Age
29:08 Fletching
29:34 Chain Mail Armor
29:55 Iron Casting
29:35 Squires
30:16 Ballistics
30:10 Masonry
30:08 Heavy Plow
30:49 Fortified Wall
33:51 Blast Furnace
33:42 Gold Shaft Mining
33:18 Gambesons
33:20 Arson
33:33 Bodkin Arrow
35:04 Two-Man Saw
34:52 Bogsveigar
36:42 Chemistry
36:15 Plate Mail Armor
36:35 Man-at-Arms
38:54 Conscription
38:26 Elite Berserk
39:36 Long Swordsman
40:18 Bracer
40:36 Chieftains
40:43 Elite Skirmisher
41:48 Siege Engineers
42:33 Caravan
42:51 Padded Archer Armor
44:45 Leather Archer Armor
45:04 Crop Rotation
47:24 Ring Archer Armor
dameoroSW
10:54 Feudal Age
9:53 Loom
12:50 Double-Bit Axe
14:27 Horse Collar
17:07 Castle Age
19:02 Gold Mining
19:24 Bow Saw
19:54 Wheelbarrow
22:38 Heavy Plow
30:44 Imperial Age
32:25 Chemistry
31:37 Forging
31:27 Scale Mail Armor
31:18 Gambesons
31:33 Squires
31:19 Arson
30:55 Elite Fire Lancer
32:55 Hand Cart
33:25 Iron Casting
34:42 Conscription
33:49 Pikeman
35:40 Two-Man Saw
35:16 Chain Mail Armor
35:57 Scale Barding Armor
36:14 Fletching
36:44 Light Cavalry
37:25 Husbandry
39:12 Plate Mail Armor
39:02 Chain Barding Armor
40:16 Bodkin Arrow
40:50 Hussar
41:52 Halberdier
RCM_SW
0:36 Loom
11:18 Feudal Age
11:56 Town Watch
12:06 Double-Bit Axe
14:02 Fishing Lines
17:35 Wheelbarrow
20:39 Castle Age
18:07 Man-at-Arms
19:05 Scale Mail Armor
20:03 Forging
21:06 Arson
22:05 Chain Mail Armor
22:49 Horse Collar
23:36 Heavy Plow
23:01 Long Swordsman
24:41 Squires
24:49 Gambesons
26:00 Bow Saw
25:57 Pikeman
32:52 Coinage
32:48 Hand Cart
34:03 Iron Casting
38:23 Imperial Age
37:39 Gold Mining
37:41 Stone Mining
38:34 Two-Handed Swordsman
39:59 Plate Mail Armor
40:54 Town Patrol
41:06 Fortified Wall
42:10 Chemistry
42:51 Ballistics
42:55 Conscription
42:11 Halberdier
43:15 Kataparuto
43:47 Champion
45:54 Gold Shaft Mining
45:27 Caravan
46:47 Blast Furnace
46:27 Murder Holes
47:19 Banking
48:06 Masonry
49:22 Two-Man Saw
48:59 Yasama
49:06 Elite Samurai
50:59 Hoardings
LuisSW
0:34 Loom
12:31 Feudal Age
19:15 Castle Age
18:17 Double-Bit Axe
18:15 Horse Collar
18:29 Gold Mining
18:30 Stone Mining
18:44 Scale Mail Armor
19:33 Man-at-Arms
22:21 Squires
26:41 Long Swordsman
28:53 Bow Saw
32:43 Imperial Age
32:14 Heavy Plow
32:27 Forging
33:47 Iron Casting
33:28 Chain Mail Armor
34:26 Anarchy
34:27 Perfusion
39:10 Blast Furnace
39:54 Ballistics
40:35 Chemistry
39:24 Pikeman
42:05 Two-Handed Swordsman
43:27 Crop Rotation
44:53 Wheelbarrow
45:02 Champion
46:52 Two-Man Saw
47:26 Hand Cart
54:04 Onager
Connection lost

Rejoining the realm…

Still unreachable

The connection could not be restored.

Session expired

The server has moved on; the page needs a fresh start.